TOP OF THE 1ST |
Surrey Sinners batting - Pitching for Jasper Cougars : LHP Logan Brown
|
Pitching: LHP Logan Brown
|
|
Batting: RHB Jake Townsend
|
0-0: Ball 1-0: Foul Ball, location: 2F 1-1: Ball 2-1: Ball 3-1: Base on Balls
|
Batting: RHB Mike Clark
|
0-0: Ball 1-0: Foul Ball, location: 2F 1-1: Called Strike 1-2: Ground out 6-3 (Groundball, 6S) Jake Townsend to second
|
Batting: RHB Jeff Buck
|
0-0: Ball 1-0: Called Strike 1-1: Foul Ball, location: 2F 1-2: Strikes out looking
|
Batting: LHB Robert Mann
|
0-0: SINGLE (Groundball, 34D) Jake Townsend to third Runner from 3rd tries for Home, throw and OUT!
|
Top of the 1st over - 0 runs, 1 hit, 0 errors, 1 left on base; Surrey 0 - Jasper 0 |
BOTTOM OF THE 1ST |
Jasper Cougars batting - Pitching for Surrey Sinners : LHP Jorge Acevedo
|
Pitching: LHP Jorge Acevedo
|
|
Batting: RHB Júlio González
|
0-0: Ball 1-0: Ball 2-0: Ball 3-0: Called Strike 3-1: Base on Balls
|
Batting: SHB Jerry Young
|
0-0: Called Strike 0-1: Ball 1-1: Swinging Strike 1-2: Grounds into double play, 6-4-3 (Groundball, 6)
|
Batting: LHB Iván Soriano
|
0-0: Ball 1-0: Called Strike 1-1: Foul Ball, location: 2F 1-2: Ball 2-2: Foul Ball, location: 2F 2-2: Ball 3-2: Base on Balls
|
Batting: RHB Brent Allen
|
0-0: DOUBLE (Line Drive, 7LS) Iván Soriano to third Runner from 3rd tries for Home, SAFE, no throw
|
Batting: RHB Andrés Pérez
|
0-0: Called Strike 0-1: Foul Ball, location: 2F 0-2: Ball 1-2: Strikes out swinging
|
Bottom of the 1st over - 1 run, 1 hit, 0 errors, 1 left on base; Surrey 0 - Jasper 1 |
TOP OF THE 2ND |
Surrey Sinners batting - Pitching for Jasper Cougars : LHP Logan Brown
|
Batting: LHB Pedro Fernández
|
0-0: Ball 1-0: Ball 2-0: Foul Ball, location: 2F 2-1: Ball 3-1: Base on Balls
|
Batting: RHB Robert Sipple
|
0-0: Foul Ball, location: 2F 0-1: Swinging Strike 0-2: Foul Ball, location: 2F 0-2: Ball 1-2: Grounds into double play, 6-4-3 (Groundball, 6)
|
Batting: LHB Ugo Béland
|
0-0: Fly out, F5 (Popup, 5SF)
|
Top of the 2nd over - 0 runs, 0 hits, 0 errors, 0 left on base; Surrey 0 - Jasper 1 |
BOTTOM OF THE 2ND |
Jasper Cougars batting - Pitching for Surrey Sinners : LHP Jorge Acevedo
|
Batting: RHB Manny López
|
0-0: Bunt for hit - play at first, batter safe!
|
Batting: RHB Tim Guerrero
|
0-0: Ball 1-0: Foul Ball, location: 2F 1-1: Foul Ball, location: 2F 1-2: Ball 2-2: 2-RUN HOME RUN (Flyball, 7D), Distance : 343 ft
|
Batting: RHB Martín Pacheco
|
0-0: Ball 1-0: Foul Ball, location: 2F 1-1: Foul Ball, location: 2F 1-2: Ball 2-2: Strikes out looking
|
Batting: RHB Ollie Johnson
|
0-0: Ground out U3 (Groundball, 3)
|
Batting: RHB Júlio González
|
0-0: Ball 1-0: Swinging Strike 1-1: Swinging Strike 1-2: Ball 2-2: Ball 3-2: Base on Balls
|
Batting: SHB Jerry Young
|
0-0: Ball 1-0: Ball 2-0: Swinging Strike 2-1: Ball 3-1: Called Strike 3-2: Fly out, F3 (Popup, 34S)
|
Bottom of the 2nd over - 2 runs, 2 hits, 0 errors, 1 left on base; Surrey 0 - Jasper 3 |
TOP OF THE 3RD |
Surrey Sinners batting - Pitching for Jasper Cougars : LHP Logan Brown
|
Batting: RHB Francisco Martínez
|
0-0: Called Strike 0-1: Ball 1-1: Ground out 4-3 (Groundball, 4)
|
Batting: LHB Patrick Ferguson
|
0-0: Ball 1-0: Called Strike 1-1: Ball 2-1: Foul Ball, location: 2F 2-2: SINGLE (Flyball, 7LS)
|
Batting: RHB Jake Townsend
|
0-0: Ball 1-0: Ball 2-0: Ball 3-0: Base on Balls Patrick Ferguson to second
|
Batting: RHB Mike Clark
|
0-0: Ball 1-0: Ball 2-0: Called Strike 2-1: Swinging Strike 2-2: Foul Ball, location: 2F 2-2: Strikes out swinging
|
Batting: RHB Jeff Buck
|
0-0: Foul Ball, location: 2F 0-1: Swinging Strike 0-2: Strikes out swinging
|
Top of the 3rd over - 0 runs, 1 hit, 0 errors, 2 left on base; Surrey 0 - Jasper 3 |
BOTTOM OF THE 3RD |
Jasper Cougars batting - Pitching for Surrey Sinners : LHP Jorge Acevedo
|
Batting: LHB Iván Soriano
|
0-0: Ball 1-0: Foul Ball, location: 2F 1-1: Called Strike 1-2: Ground out 6-3 (Groundball, 6)
|
Batting: RHB Brent Allen
|
0-0: Called Strike 0-1: Fly out, F5 (Flyball, 5D)
|
Batting: RHB Andrés Pérez
|
0-0: Ball 1-0: Foul Ball, location: 2F 1-1: SINGLE (Groundball, 34D)
|
Batting: RHB Manny López
|
0-0: Ball 1-0: Foul Ball, location: 2F 1-1: SINGLE (Line Drive, 9S) Andrés Pérez to second
|
Batting: RHB Tim Guerrero
|
0-0: Ball 1-0: Ground out 5-3 (Groundball, 56S)
|
Bottom of the 3rd over - 0 runs, 2 hits, 0 errors, 2 left on base; Surrey 0 - Jasper 3 |
TOP OF THE 4TH |
Surrey Sinners batting - Pitching for Jasper Cougars : LHP Logan Brown
|
Batting: LHB Robert Mann
|
0-0: Ball 1-0: Foul Ball, location: 2F 1-1: Called Strike 1-2: Ball 2-2: Strikes out swinging
|
Batting: LHB Pedro Fernández
|
0-0: Ball 1-0: Called Strike 1-1: Swinging Strike 1-2: Strikes out swinging
|
Batting: RHB Robert Sipple
|
0-0: Ground out 1-3 (Groundball, P)
|
Top of the 4th over - 0 runs, 0 hits, 0 errors, 0 left on base; Surrey 0 - Jasper 3 |
BOTTOM OF THE 4TH |
Jasper Cougars batting - Pitching for Surrey Sinners : LHP Jorge Acevedo
|
Batting: RHB Martín Pacheco
|
0-0: Ball 1-0: Swinging Strike 1-1: Foul Ball, location: 2F 1-2: Foul Ball, location: 2F 1-2: Ball 2-2: Ball 3-2: Base on Balls
|
Batting: RHB Ollie Johnson
|
0-0: Called Strike 0-1: SINGLE (Groundball, 56D) Martín Pacheco to second
|
Batting: RHB Júlio González
|
0-0: Foul Ball, location: 2F 0-1: Ball 1-1: Foul Ball, location: 2F 1-2: Ball 2-2: Strikes out swinging
|
Batting: SHB Jerry Young
|
0-0: Called Strike 0-1: Ball 1-1: Ball 2-1: Swinging Strike 2-2: Ball 3-2: Base on Balls Martín Pacheco to third Ollie Johnson to second
|
Batting: LHB Iván Soriano
|
0-0: Called Strike 0-1: Grounds into double play, 6-2-3 (Groundball, 6)
|
Bottom of the 4th over - 0 runs, 1 hit, 0 errors, 2 left on base; Surrey 0 - Jasper 3 |
TOP OF THE 5TH |
Surrey Sinners batting - Pitching for Jasper Cougars : LHP Logan Brown
|
Batting: LHB Ugo Béland
|
0-0: Ball 1-0: Ball 2-0: Foul Ball, location: 2F 2-1: Ball 3-1: Called Strike 3-2: Strikes out swinging
|
Batting: RHB Francisco Martínez
|
0-0: Swinging Strike 0-1: SINGLE (Line Drive, 34)
|
Batting: LHB Patrick Ferguson
|
0-0: Ball 1-0: Hit by Pitch Francisco Martínez to second
|
Batting: RHB Jake Townsend
|
0-0: Ball 1-0: Ball 2-0: Called Strike 2-1: Foul Ball, location: 2F 2-2: Ball 3-2: Foul Ball, location: 2F 3-2: Strikes out swinging
|
Batting: RHB Mike Clark
|
0-0: Called Strike 0-1: Called Strike 0-2: DOUBLE (Line Drive, 7LM) Francisco Martínez scores Patrick Ferguson to third Runner from 3rd tries for Home, SAFE, no throw
|
Batting: RHB Jeff Buck
|
0-0: Ball 1-0: Foul Ball, location: 2F 1-1: Ball 2-1: Swinging Strike 2-2: SINGLE (Groundball, 6D) Mike Clark to third Runner from 3rd tries for Home, SAFE, no throw
|
Batting: LHB Robert Mann
|
0-0: Ball Jeff Buck is caught stealing 2nd base
|
Top of the 5th over - 3 runs, 3 hits, 0 errors, 0 left on base; Surrey 3 - Jasper 3 |
BOTTOM OF THE 5TH |
Jasper Cougars batting - Pitching for Surrey Sinners : LHP Jorge Acevedo
|
Batting: RHB Brent Allen
|
0-0: Foul Ball, location: 2F 0-1: Ball 1-1: Called Strike 1-2: Strikes out swinging
|
Batting: RHB Andrés Pérez
|
0-0: Ball 1-0: Foul Ball, location: 2F 1-1: Ball 2-1: Ball 3-1: Base on Balls
|
Batting: RHB Manny López
|
0-0: Called Strike 0-1: Ball 1-1: Fly out, F9 (Flyball, 89D)
|
Batting: RHB Tim Guerrero
|
0-0: Foul Ball, location: 2F 0-1: Ball 1-1: Ball 2-1: Called Strike 2-2: Ball 3-2: Foul Ball, location: 2F 3-2: Base on Balls Andrés Pérez to second
|
Batting: RHB Martín Pacheco
|
0-0: Ball 1-0: Ball 2-0: Ball 3-0: Called Strike 3-1: Base on Balls Andrés Pérez to third Tim Guerrero to second
|
Pitching: RHP Adrián Vásquez
|
|
Batting: RHB Ollie Johnson
|
0-0: Swinging Strike 0-1: Ball 1-1: Fielders Choice at 2nd, 5-4 (Groundball, 5)
|
Bottom of the 5th over - 0 runs, 0 hits, 0 errors, 3 left on base; Surrey 3 - Jasper 3 |
TOP OF THE 6TH |
Surrey Sinners batting - Pitching for Jasper Cougars : LHP Logan Brown
|
Batting: LHB Robert Mann
|
0-0: Foul Ball, location: 2F 0-1: Ball 1-1: Foul Ball, location: 2F 1-2: Ball 2-2: Fly out, F5 (Popup, 25)
|
Batting: LHB Pedro Fernández
|
0-0: Called Strike 0-1: Called Strike 0-2: Strikes out swinging
|
Batting: RHB Robert Sipple
|
0-0: Called Strike 0-1: Ball 1-1: Swinging Strike 1-2: Ball 2-2: SINGLE (Groundball, 34D)
|
Batting: LHB Ugo Béland
|
0-0: Called Strike 0-1: Ball 1-1: Ground out 6-3 (Groundball, 6M)
|
Top of the 6th over - 0 runs, 1 hit, 0 errors, 1 left on base; Surrey 3 - Jasper 3 |
BOTTOM OF THE 6TH |
Jasper Cougars batting - Pitching for Surrey Sinners : RHP Adrián Vásquez
|
Batting: RHB Júlio González
|
0-0: Called Strike 0-1: Ball 1-1: Called Strike 1-2: Strikes out swinging
|
Batting: SHB Jerry Young
|
0-0: Foul Ball, location: 2F 0-1: Foul Ball, location: 2F 0-2: SOLO HOME RUN (Flyball, 9LD), Distance : 332 ft
|
Batting: LHB Iván Soriano
|
0-0: Foul Ball, location: 2F 0-1: Foul Ball, location: 2F 0-2: SOLO HOME RUN (Flyball, 9LD), Distance : 319 ft
|
Pitching: RHP Ed Crawford
|
|
Batting: RHB Brent Allen
|
0-0: Ball 1-0: Ball 2-0: Called Strike 2-1: Foul Ball, location: 2F 2-2: Ball 3-2: Foul Ball, location: 2F 3-2: Base on Balls
|
Batting: RHB Andrés Pérez
|
0-0: Foul Ball, location: 2F 0-1: Ball 1-1: Ball 2-1: Called Strike 2-2: Grounds into double play, 4-6-3 (Groundball, 4)
|
Bottom of the 6th over - 2 runs, 2 hits, 0 errors, 0 left on base; Surrey 3 - Jasper 5 |
TOP OF THE 7TH |
Surrey Sinners batting - Pitching for Jasper Cougars : LHP Logan Brown
|
Batting: RHB Francisco Martínez
|
0-0: Foul Ball, location: 2F 0-1: Ball 1-1: Ball 2-1: Foul Ball, location: 2F 2-2: Fly out, F4 (Line Drive, 4)
|
Batting: LHB Patrick Ferguson
|
0-0: Ball 1-0: Ball 2-0: Called Strike 2-1: Foul Ball, location: 2F 2-2: SINGLE (Groundball, 4D)
|
Batting: RHB Jake Townsend
|
0-0: Called Strike 0-1: Ball 1-1: Called Strike 1-2: Ball 2-2: SINGLE (Line Drive, 6MD) Patrick Ferguson to second
|
Pitching: LHP Alberto Guerra
|
|
Pinch Hitting: RHB Pat Simms
|
0-0: Called Strike 0-1: Foul Ball, location: 2F 0-2: Foul Ball, location: 2F 0-2: Grounds into double play, 6-4-3 (Groundball, 6)
|
Top of the 7th over - 0 runs, 2 hits, 0 errors, 1 left on base; Surrey 3 - Jasper 5 |
BOTTOM OF THE 7TH |
Jasper Cougars batting - Pitching for Surrey Sinners : RHP Ed Crawford
|
Now at 2B: Pat Simms
|
|
Batting: RHB Manny López
|
0-0: Foul Ball, location: 2F 0-1: SINGLE (Groundball, 25) (infield hit)
|
Batting: RHB Tim Guerrero
|
0-0: Called Strike 0-1: Ball 1-1: Sac Bunt - play at first, batter OUT! 1-3 Manny López to second
|
Batting: RHB Martín Pacheco
|
0-0: Ball 1-0: SINGLE (Flyball, 78M) Manny López to third
|
Pinch Hitting: SHB Kel Davis
|
0-0: Called Strike 0-1: Foul Ball, location: 2F 0-2: Ball 1-2: Ball 2-2: Foul Ball, location: 2F 2-2: Strikes out swinging Martín Pacheco is caught stealing 2nd base Batter strikes out.
|
Bottom of the 7th over - 0 runs, 2 hits, 0 errors, 1 left on base; Surrey 3 - Jasper 5 |
TOP OF THE 8TH |
Surrey Sinners batting - Pitching for Jasper Cougars : LHP Alberto Guerra
|
Now in CF: Luis García
|
|
Batting: RHB Jeff Buck
|
0-0: Ball 1-0: Foul Ball, location: 2F 1-1: Ball 2-1: Swinging Strike 2-2: Strikes out swinging
|
Batting: LHB Robert Mann
|
0-0: Foul Ball, location: 2F 0-1: Called Strike 0-2: Foul Ball, location: 2F 0-2: Strikes out swinging
|
Batting: LHB Pedro Fernández
|
0-0: Called Strike 0-1: Foul Ball, location: 2F 0-2: Strikes out swinging
|
Top of the 8th over - 0 runs, 0 hits, 0 errors, 0 left on base; Surrey 3 - Jasper 5 |
BOTTOM OF THE 8TH |
Jasper Cougars batting - Pitching for Surrey Sinners : RHP Ed Crawford
|
Batting: RHB Júlio González
|
0-0: Called Strike 0-1: Ball 1-1: Ground out 1-3 (Groundball, 15S)
|
Batting: SHB Jerry Young
|
0-0: Ball 1-0: Ball 2-0: SOLO HOME RUN (Flyball, 9LD), Distance : 320 ft
|
Batting: LHB Iván Soriano
|
0-0: Ball 1-0: Ball 2-0: Called Strike 2-1: Called Strike 2-2: SOLO HOME RUN (Line Drive, 9D), Distance : 356 ft
|
Pitching: RHP José Gil
|
|
Batting: RHB Brent Allen
|
0-0: Ball 1-0: Foul Ball, location: 2F 1-1: Ball 2-1: Ball 3-1: Base on Balls
|
Batting: RHB Andrés Pérez
|
0-0: Foul Ball, location: 2F 0-1: Swinging Strike 0-2: Ball 1-2: Grounds into double play, 6-4-3 (Groundball, 6)
|
Bottom of the 8th over - 2 runs, 2 hits, 0 errors, 0 left on base; Surrey 3 - Jasper 7 |
TOP OF THE 9TH |
Surrey Sinners batting - Pitching for Jasper Cougars : LHP Alberto Guerra
|
Batting: RHB Robert Sipple
|
0-0: Fly out, F8 (Flyball, 8RD)
|
Batting: LHB Ugo Béland
|
0-0: Ball 1-0: Swinging Strike 1-1: Foul Ball, location: 2F 1-2: Ball 2-2: Fly out, F8 (Flyball, 78M)
|
Batting: RHB Francisco Martínez
|
0-0: Called Strike 0-1: Ball 1-1: Ball 2-1: Fly out, F8 (Flyball, 8LD)
|
Top of the 9th over - 0 runs, 0 hits, 0 errors, 0 left on base; Surrey 3 - Jasper 7 |
|